Map: Port Aleksander LE

Players

PsT - Winner!

  • Race: Zerg Zerg
  • League: Gold
  • Spawn Location: 11:00

sol

  • Race: Protoss Protoss
  • League: Platinum
  • Spawn Location: 5:00

VOD

Have the link to the VOD?

Description

hehe

Time

  • Played on: May 10, 2019, 2:52 a.m.
  • Length: 20:17
Show
View Real Time Build Order
Export as new Build Order

PsT Zerg - Winner!

Build Orders: Pool First, Roach Nydus 

Get SALT Encoding   

  12  0:01  Drone  
  13  0:15  Extractor  
  12  0:25  Spawning Pool  
  11  0:29  Drone  
  11  0:34  Drone  
  13  0:39  Drone  
  14  0:48  Overlord  
  14  1:12  Zergling x4  
  14  1:13  Zergling x2  
  17  1:31  Zergling x2, Queen  
  18  1:48  Zergling x4  
  19  2:00  Metabolic Boost  
  19  2:02  Zergling x2  
  19  2:22  Zergling x4  
  21  2:27  Roach Warren  
  19  2:48  Drone x2  
  20  3:05  Queen  
  20  3:10  Overlord  
  20  3:11  Overlord x2  
  22  3:35  Roach x2  
  22  3:36  Roach x3  
  32  3:48  Lair  
  32  4:15  Zergling x6  
  32  4:16  Zergling x6  
  38  4:35  Roach  
  40  4:52  Nydus Network  
  39  4:53  Drone x4  
  37  5:30  Nydus Canal  
  37  5:33  Roach x2  
  37  5:39  Roach  
  37  5:40  Zergling x2  
  37  5:41  Zergling x2  
  39  5:45  Zergling x6  
  34  6:10  Zergling x8  
  34  6:11  Zergling x2  
  24  6:25  Zergling x2  
  25  6:33  Overseer  
  25  6:38  Nydus Canal  
  25  6:41  Zergling x8  
  29  6:49  Queen  
  29  6:50  Zergling x2  
  23  7:19  Extractor  
  19  7:25  Queen  
  19  7:27  Overlord  
  19  7:28  Overlord x3  
  21  7:41  Drone  
  21  7:42  Drone x3  
  25  7:54  Zergling x2  
  26  8:01  Queen  
  28  8:10  Zergling x6  
  31  8:17  Hydralisk Den  
  30  8:23  Nydus Canal  
  30  8:37  Queen  
  32  8:48  Hatchery  
  32  8:51  Hydralisk x2  
  35  8:56  Hydralisk  
  37  9:30  Hydralisk x3  
  43  9:36  Hydralisk  
  45  9:47  Overseer  
  45  10:00  Hydralisk x2  
  49  10:16  Hydralisk x2  
  53  10:24  Nydus Canal  
  53  10:49  Hatchery  
  52  11:06  Nydus Canal  
  50  11:47  Zergling x2  
  50  11:48  Zergling x18  
  35  12:52  Hydralisk x4  
  35  12:53  Hydralisk x2  
  47  13:13  Zergling x6  
  47  13:14  Zergling x2  
  51  14:01  Roach x2  
  51  14:02  Roach x4  
  63  14:14  Drone x2  
  63  14:15  Drone  
  53  15:22  Ravager x2  
  53  15:23  Ravager x4  
  53  15:24  Roach x2  
  53  15:25  Roach x4  
  53  15:26  Roach  
  53  15:27  Overlord x2  
  73  15:46  Muscular Augments  
  59  16:52  Roach x4  
  59  16:53  Roach x2  
  71  16:54  Roach  
  71  16:55  Roach x2  
  71  16:58  Grooved Spines  
  72  17:40  Roach x3  
  72  17:41  Roach x6  
  90  17:45  Glial Reconstitution  
  90  17:56  Extractor  
  89  18:11  Hatchery  
  57  18:53  Zergling x2  
  57  18:54  Zergling x10  
  57  18:55  Zergling x6  
  53  19:28  Roach x3  
  53  19:29  Roach x6  
Show
View Real Time Build Order
Export as new Build Order

sol Protoss 

Build Orders:  

Get SALT Encoding   

  12  0:12  Pylon  
  12  0:16  Probe  
  13  0:34  Forge  
  13  0:36  Probe  
  14  0:49  Pylon  
  14  0:53  Probe  
  15  1:11  Photon Cannon  
  15  1:12  Probe  
  16  1:20  Probe  
  16  1:23  Gateway  
  17  1:28  Probe  
  18  1:39  Probe  
  18  1:53  Probe  
  18  1:54  Assimilator  
  18  2:00  Assimilator  
  19  2:02  Probe  
  20  2:10  Probe  
  21  2:22  Probe  
  22  2:24  Photon Cannon  
  22  2:26  Cybernetics Core  
  22  2:34  Probe  
  23  2:37  Photon Cannon  
  23  2:38  Photon Cannon  
  23  2:42  Pylon  
  23  2:55  Photon Cannon  
  23  2:57  Probe  
  24  3:09  Probe  
  25  3:22  Probe  
  26  3:27  Robotics Facility  
  26  3:31  Photon Cannon x2  
  26  3:43  Shield Battery  
  26  3:45  Probe  
  27  3:53  Probe  
  27  3:55  Stargate  
  27  4:01  Probe  
  28  4:05  Immortal  
  33  4:24  Pylon  
  33  4:30  Probe  
  34  4:31  Shield Battery  
  34  4:36  Immortal  
  38  4:49  Oracle  
  41  5:04  Shield Battery  
  41  5:07  Shield Battery  
  41  5:25  Immortal  
  39  6:14  Void Ray  
  42  6:33  Probe  
  43  6:49  Nexus  
  43  6:50  Pylon  
  43  6:55  Shield Battery  
  43  6:56  Void Ray  
  35  7:29  Probe  
  36  7:41  Probe  
  37  7:47  Assimilator  
  37  7:48  Assimilator  
  37  7:51  Pylon  
  37  7:53  Probe  
  38  8:05  Probe  
  39  8:16  Probe  
  39  8:17  Probe  
  40  8:21  Immortal  
  40  8:24  Probe  
  40  8:25  Probe  
  41  8:32  Probe  
  47  8:35  Probe  
  49  8:44  Probe  
  49  8:47  Probe  
  51  9:03  Probe  
  51  9:04  Probe  
  53  9:12  Void Ray  
  53  9:15  Probe  
  53  9:16  Probe  
  59  9:37  Probe x2  
  61  9:49  Probe x2  
  63  9:55  Phoenix  
  63  9:57  Stargate  
  65  10:00  Stargate  
  65  10:03  Pylon, Protoss Air Weapons Level 1  
  65  10:06  Pylon  
  65  10:09  Probe x2  
  67  10:16  Protoss Shields Level 1  
  67  10:20  Phoenix  
  67  10:21  Probe x2  
  71  10:33  Probe x2  
  77  10:35  Immortal  
  77  10:45  Phoenix  
  75  11:13  Probe x2  
  77  11:25  Probe  
  76  11:32  Void Ray  
  76  11:33  Void Ray  
  37  12:54  Gateway  
  29  13:07  Nexus  
  29  13:09  Pylon, Gateway  
  29  13:11  Gateway  
  29  13:15  Gateway x2  
  29  13:17  Assimilator  
  29  13:18  Probe, Gateway  
  29  13:19  Gateway  
  29  13:20  Pylon  
  29  13:21  Assimilator  
  29  13:22  Pylon  
  29  13:24  Pylon  
  29  13:26  Probe  
  31  13:35  Probe  
  32  13:42  Cybernetics Core  
  32  13:47  Probe  
  33  13:54  Zealot  
  35  13:59  Probe, Zealot  
  35  14:00  Zealot  
  35  14:02  Zealot x2  
  44  14:05  Zealot  
  44  14:06  Zealot  
  48  14:11  Probe  
  48  14:15  Probe  
  49  14:17  Forge  
  49  14:19  Probe  
  49  14:24  Probe  
  51  14:25  Zealot  
  51  14:26  Zealot  
  51  14:27  Probe, Zealot  
  51  14:29  Zealot  
  51  14:30  Zealot  
  63  14:33  Probe  
  63  14:38  Probe  
  53  14:45  Probe  
  53  14:50  Probe, Stalker  
  53  14:52  Zealot  
  60  14:53  Zealot  
  58  15:11  Photon Cannon  
  58  15:13  Photon Cannon  
  58  15:14  Shield Battery  
  58  15:16  Probe  
  58  15:20  Probe  
  58  15:26  Twilight Council  
  58  15:32  Probe  
  58  15:34  Probe  
  60  15:42  Probe  
  60  15:44  Probe  
  60  15:48  Warp Gate  
  62  15:52  Charge, Probe  
  62  15:56  Probe  
  64  16:04  Probe  
  64  16:08  Probe  
  66  16:13  Templar Archives  
  66  16:16  Probe  
  67  16:20  Probe  
  63  16:44  High Templar x2  
  63  16:47  Photon Cannon  
  63  16:53  High Templar x2  
  63  16:54  High Templar x3  
  76  17:10  Probe x2  
  78  17:23  Nexus  
  78  17:25  Pylon  
  78  17:29  Archon  
  78  17:37  Archon  
  78  17:38  Archon  
  78  17:43  Probe  
  85  17:51  Pylon  
  79  17:53  Pylon  
  79  17:55  Pylon  
  79  17:57  Pylon, High Templar x2  
  79  17:58  High Templar  
  85  17:59  Pylon  
  85  18:02  Archon  
  85  18:03  Archon, Assimilator  
  85  18:05  Assimilator  
  85  18:10  Pylon  
  85  18:13  Probe x2  
  61  18:35  Zealot x4  
  61  18:36  Zealot x3  
  57  18:57  High Templar  
  57  18:58  High Templar x5  
  57  18:59  High Templar  
  57  19:02  Archon x3  
  71  19:12  Pylon  
  45  19:35  Zealot x2  
  24  19:57  Pylon  
  24  19:59  Pylon  
Tags
 
Add a new tag
Caveats
  • Supply blocks, unpowered buildings, or Contaminate may cause inaccurate times.
  • Supply counts are checked every 10 seconds.